 Dungeon Crawl Stone Soup version 0.29-a0-321-gf1c400731a (webtiles) character file.

Game seed: 1335948266121101247

4065 Flugslaktarn the Tainter (level 10, -4/76 HPs)
             Began as a Human Venom Mage on Apr 4, 2022.
             Was a Believer of Sif Muna.
             Slain by a yak (12 damage)
             ... on level 9 of the Dungeon.
             The game lasted 00:23:01 (3506 turns).

Flugslaktarn the Tainter (Human Venom Mage)         Turns: 3506, Time: 00:23:02

Health: -4/76      AC:  9    Str:  8    XL:     10   Next: 49%
Magic:  3/17       EV: 13    Int: 26    God:    Sif Muna [**....]
Gold:   252        SH:  0    Dex: 14    Spells: 9/19 levels left

rFire   . . .      SeeInvis .   x - +9 war axe of Uncertain Death {chaos, rPois}
rCold   . . .      Faith    .   (no shield)
rNeg    . . .      Spirit   .   B - +0 steam dragon scales
rPois   +          Reflect  .   (no helmet)
rElec   .          Harm     .   (no cloak)
rCorr   .          Rampage  .   (no gloves)
Will    .....                   (no boots)
Stlth   ++........              (no amulet)
HPRegen 0.22/turn               p - +4 ring of protection
MPRegen 0.15/turn               k - +6 ring of intelligence

@: no status effects
A: no striking features
a: Renounce Religion, Channel Magic


You were on level 9 of the Dungeon.
You worshipped Sif Muna.
Sif Muna was pleased with you.
You visited 1 branch of the dungeon, and saw 9 of its levels.

You collected 252 gold pieces.

Inventory:

Hand Weapons
 f - a +3 vampiric whip
   (You took it off a gnoll shaman on level 7 of the Dungeon)
 v - a +3 short sword of freezing
   (You took it off a wight on level 7 of the Dungeon)
 x - the +9 war axe of Uncertain Death (weapon) {chaos, rPois}
   (You found it on level 8 of the Dungeon)

   Each time it hits an enemy it has a different, random effect.
   rPois:     It protects you from poison.
Missiles
 u - 7 curare-tipped darts
 A - 4 javelins
Armour
 a - a +0 robe
 B - +0 steam dragon scales (worn)
   (You found it on level 8 of the Dungeon)
Jewellery
 g - a ring of fire
   (You found it on level 2 of the Dungeon)
 i - a ring of see invisible
   (You found it on level 5 of the Dungeon)
 k - a +6 ring of intelligence (right hand)
   (You found it on level 5 of the Dungeon)
 p - a +4 ring of protection (left hand)
   (You found it on level 2 of the Dungeon)
Wands
 n - a wand of digging (5)
   (You found it on level 4 of the Dungeon)
Scrolls
 d - a scroll of enchant weapon
 l - a scroll of vulnerability
 m - a scroll of noise
 o - a scroll of immolation
 t - 3 scrolls of teleportation
 y - 2 scrolls of amnesia
Potions
 b - 2 potions of magic
 c - 5 potions of attraction
 e - 3 potions of berserk rage
 h - 2 potions of haste
 j - a potion of degeneration {unknown}
 q - 4 potions of curing
 s - 2 potions of brilliance {unknown}
 z - 2 potions of lignification {unknown}


   Skills:
 - Level 6.0 Fighting
 - Level 2.0 Short Blades
 + Level 2.1 Axes
 - Level 4.0 Dodging
 - Level 2.0 Stealth
 - Level 5.0 Spellcasting
 - Level 1.0 Conjurations
 - Level 2.0 Transmutations
 - Level 2.0 Air Magic
 - Level 8.0 Poison Magic
 - Level 7.0 Invocations
 - Level 4.0 Evocations


You had 9 spell levels left.
You knew the following spells:

 Your Spells              Type           Power      Damage    Failure   Level
a - Sting                 Tmut/Pois      100%       1d8       1%          1
b - Poisonous Vapours     Pois/Air       64%        N/A       1%          2
c - Mephitic Cloud        Conj/Pois/Air  25%        N/A       5%          3
d - Olgreb's Toxic Radia  Pois           48%        N/A       2%          4

Your spell library contained the following spells:

 Spells                   Type           Power      Damage    Failure   Level
 Magic Dart               Conj           44%        1d5       4%          1
 Static Discharge         Conj/Air       14%        N/A       6%          2
 Call Imp                 Summ           6%         N/A       12%         2
 Sticky Flame             Conj/Fire      9%         2d3       52%         4
 Dispel Undead            Necr           6%         3d8       58%         4


Dungeon Overview and Level Annotations

Branches:
Dungeon (9/15)             Temple (0/1) D:5            Lair (0/6) D:8
    Orc: D:9-12

Altars:
Elyvilon
Gozag
Sif Muna
Uskayaw

Annotations:
D:4 exclusion: upstairs
D:5 Edmund
D:8 3 runed translucent doors, oberejnoburuli's ghost, journeyman HuIE


Message History

Confirm with . or Enter, or press ? or * to list all spells.
Your toxic radiance grows in intensity.
The orc warrior looks even sicker.
The orc wizard is poisoned.
The orc priest looks even sicker.
The orc wizard looks even sicker.
The orc priest looks as sick as possible!
You hear a bellow! x2; You hear a shout!
You hear a bellow!
You kill the orc priest!
Sif Muna accepts your kill. 2 orcs and a yak come into view.
An orc is wielding a +2 vorpal hand axe.
The orc shouts!
The orc is poisoned. x2; The yak is poisoned.
The orc warrior hits you but does no damage.
A yak comes into view.
There is an open door here.
You hit the orc warrior but do no damage.
The orc warrior looks as sick as possible!
The orc warrior is almost dead.
You kill the orc warrior!
Sif Muna accepts your kill.
The orc wizard looks even sicker.
The orc looks even sicker.
You kill the orc!
Sif Muna accepts your kill.
The yak looks even sicker.
The yak is poisoned.
Your toxic aura wanes.
You kill the orc wizard!
Sif Muna accepts your kill.
A yak comes into view. x2
An orc warrior and a yak come into view.
A yak comes into view.
Things that are here:
a +0 battleaxe; a +4 chain mail You barely miss the yak.
The yak is moderately wounded.
You kill the orc!
Sif Muna accepts your kill. The yak barely misses you.
Casting: Olgreb's Toxic Radiance (dangerous; 2% risk of failure)
Confirm with . or Enter, or press ? or * to list all spells.
You begin to radiate toxic energy.
The orc warrior shouts!
The orc warrior is poisoned.
The yak is poisoned.
The yak looks even sicker.
The yak is poisoned.
The yak bellows!
The yak is poisoned.
The orc warrior looks even sicker.
The yak looks as sick as possible!
The yak looks even sicker.
The yak misses you.
A bullfrog comes into view.
You closely miss the yak. You punch the yak, but do no damage.
The yak is moderately wounded.
You hit the yak but do no damage.
The yak looks as sick as possible!
The orc warrior looks even sicker.
The yak looks even sicker.
The yak looks as sick as possible!
The yak looks even sicker.
The yak is poisoned.
The yak looks even sicker.
The bullfrog is poisoned.
Your toxic aura wanes.
The yak barely misses you. x2
The bullfrog swells and bulges.
The yak closely misses you. The yak gores you!
You hit the yak.
The yak suddenly seems more agile.
The yak is heavily wounded.
You slash the yak! You freeze the yak. The yak gores you!
You hit the yak. You freeze the yak.
You kill the yak!
Sif Muna accepts your kill.
You hit the yak. x2; The yak gores you but does no damage.
The yak gores you! The yak gores you but does no damage. The yak misses you.
Your Axes skill increases to level 1!
You slash the yak!
The yak flickers and vanishes!
Deactivating autopickup; reactivate with Ctrl-A.
You hit the yak. You freeze the yak. You hit the yak. The yak gores you.
Something gores you.
Casting: Olgreb's Toxic Radiance (dangerous; 2% risk of failure)
Confirm with . or Enter, or press ? or * to list all spells.
You begin to radiate toxic energy.
The yak looks even sicker. x4
The yak gores you! x2
* * * LOW HITPOINT WARNING * * *
Something gores you but does no damage. The yak gores you!
* * * LOW HITPOINT WARNING * * *
Okay, then.
Okay, then.
You feel much better.
The orc warrior looks even sicker.
Sif Muna accepts your kill.
Reactivating autopickup.
You feel a bit more experienced.
The yak looks even sicker.
The bullfrog looks even sicker.
Your toxic aura wanes.
The yak gores you. The yak gores you!
* * * LOW HITPOINT WARNING * * *
The yak gores you.
* * * LOW HITPOINT WARNING * * *
Training target 7.0 for Invocations reached!
Your Axes skill increases to level 2!
Your Invocations skill increases to level 7!
Unknown command.
Okay, then.
Okay, then.
Okay, then.
The yak attacks as you move away! The yak closely misses you.
The yak gores you!
You die...

#........
#.......
#.)....
+.....
######.)..
.......)F
......oY####
.....YYY#..#
....###@#..#
. #......#
#......#
#......#
#.....##
#.....#
#.....#
#.....#
#.....#


You could see 4 yaks, an orc warrior (very poisoned) and a bullfrog (very
poisoned).

Vanquished Creatures
  Pikel (D:6)
  2 yaks (D:9)
  Eustachio (D:4)
  A steam dragon (D:8)
  An acid dragon (D:8)
  2 orc warriors
  3 sky beasts
  5 black bears
  3 ogres
  2 centaurs
  4 lemures (D:6)
  A phantom (D:5)
  4 bullfrogs (D:8)
  A gnoll sergeant (D:7)
  A scorpion (D:5)
  3 wights (D:7)
  6 killer bees (D:8)
  2 howler monkeys (D:7)
  2 jellies
  2 orc priests
  A gnoll shaman (D:7)
  3 hounds (D:5)
  2 iguanas (D:5)
  6 orc wizards
  7 gnolls (D:7)
  7 adders
  A shadow imp (D:8)
  2 ufetubi (D:5)
  2 dart slugs
  15 orcs
  2 bats (D:2)
  An endoplasm (D:4)
  A giant cockroach (D:1)
  3 goblins
  4 jackals (D:4)
  2 quokkas
  5 ball pythons
  A kobold (D:1)
  2 rats (D:2)
114 creatures vanquished.

Vanquished Creatures (others)
  2 fungi (D:8)
  14 plants
16 creatures vanquished.

Grand Total: 130 creatures vanquished

Notes
Turn   | Place    | Note
-------+----------+-------------------------------------------
     0 | D:1      | Flugslaktarn the Human Venom Mage began the quest for the
                  | Orb.
     0 | D:1      | Reached XP level 1. HP: 13/13 MP: 3/3
   141 | D:2      | Reached XP level 2. HP: 6/19 MP: 1/5
   229 | D:3      | Found a white marble altar of Elyvilon.
   246 | D:3      | Learned a level 2 spell: Poisonous Vapours
   378 | D:2      | Reached XP level 3. HP: 20/24 MP: 0/6
   390 | D:2      | Reached skill level 1 in Air Magic
   635 | D:4      | Reached XP level 4. HP: 18/30 MP: 1/7
   672 | D:4      | Found an opulent altar of Gozag.
   687 | D:4      | Noticed an ogre
   762 | D:4      | Noticed Eustachio
   862 | D:4      | Killed Eustachio
   863 | D:4      | Reached skill level 4 in Poison Magic
   863 | D:4      | Reached XP level 5. HP: 11/35 MP: 1/9
   863 | D:4      | Reached XP level 6. HP: 13/41 MP: 1/10
   963 | D:3      | Reached skill level 5 in Poison Magic
   989 | D:3      | Noticed an ogre
  1067 | D:5      | Entered Level 5 of the Dungeon
  1108 | D:5      | Found a shimmering blue altar of Sif Muna.
  1113 | D:5      | Became a worshipper of Sif Muna the Loreminder
  1121 | D:5      | Noticed a sky beast
  1136 | D:5      | Killed a sky beast
  1161 | D:5      | Found a staircase to the Ecumenical Temple.
  1185 | D:5      | Reached skill level 6 in Poison Magic
  1204 | D:5      | Reached XP level 7. HP: 29/46 MP: 0/11
  1240 | D:5      | Noticed Edmund
  1458 | D:5      | Reached skill level 7 in Poison Magic
  1466 | D:5      | Learned a level 3 spell: Mephitic Cloud
  1471 | D:5      | Learned a level 4 spell: Olgreb's Toxic Radiance
  1564 | D:5      | Found a hide-covered altar of Uskayaw.
  1640 | D:5      | Reached XP level 8. HP: 52/52 MP: 1/12
  1696 | D:5      | Reached skill level 8 in Poison Magic
  1753 | D:6      | Reached skill level 1 in Fighting
  1772 | D:6      | Reached skill level 1 in Conjurations
  2031 | D:6      | Reached * piety under Sif Muna
  2245 | D:7      | Reached skill level 5 in Spellcasting
  2274 | D:7      | Reached skill level 1 in Invocations
  2397 | D:8      | Reached XP level 9. HP: 16/62 MP: 6/16
  2516 | D:7      | Reached skill level 1 in Evocations
  2744 | D:6      | Noticed Pikel
  2778 | D:6      | Killed Pikel
  3118 | D:7      | Reached skill level 1 in Short Blades
  3167 | D:8      | Noticed an eight-headed hydra
  3198 | D:8      | Reached skill level 5 in Fighting
  3198 | D:8      | Reached XP level 10. HP: 74/74 MP: 4/17
  3219 | D:8      | Reached skill level 5 in Invocations
  3225 | D:8      | Reached ** piety under Sif Muna
  3268 | D:8      | Found a runed translucent gate.
  3268 | D:8      | Found a runed translucent gate.
  3269 | D:8      | Found a runed translucent gate.
  3291 | D:8      | Noticed oberejnoburuli's ghost (journeyman HuIE)
  3407 | D:8      | Identified the +9 war axe of Uncertain Death {chaos, rPois}
  3422 | D:8      | Found a staircase to the Lair.
  3503 | D:9      | Reached skill level 1 in Axes
  3506 | D:9      | Slain by a yak

Illustrated notes

Levels and vault maps discovered:
D:1:      lemuel_arrival_room, layout_basic, ebering_ecumenical_altar_mist
D:2:      layout_basic, minmay_heptomino_d4
D:3:      layout_basic, mainiacjoe_overflow_alcove_4, serial_shops,
          shop_fountains, uniq_sigmund, uniq_natasha
D:4:      layout_basic, overflow_temple_1_default,
          nicolae_gozag_cash_rules_everything_around_me,
          uniq_crazy_yiuf_cottage, uniq_eustachio
D:5:      layout_loops_ring, kennysheep_mini,
          mainiacjoe_overflow_six_doors_small, temple_doors_e, uniq_edmund
D:6:      layout_loops_ring, uniq_pikel
D:7:      layout_loops_corners, hangedman_decor_clover_reticule,
          nicolae_grassy_gnolls
D:8:      layout_cave_pools, grunt_lair_entry_orc_guard_hut,
          gammafunk_ghost_icy, kennysheep_generic_room_14
D:9:      layout_irregular_city, kennysheep_cross_bottleneck

Skill      XL: |  1  2  3  4  5  6  7  8  9 10 |
---------------+-------------------------------+-----
Transmutations | 2 |  2.0
Air Magic      | 1 2 |  2.0
Poison Magic   | 4 6 7 8 |  8.0
Spellcasting   | 3 5 |  5.0
Fighting       | 2 5 6 |  6.0
Conjurations   | 1 |  1.0
Invocations    | 2 4 7 |  7.0
Dodging        | 4 |  4.0
Evocations     | 4 |  4.0
Short Blades   | 2 |  2.0
Axes           | 2 |  2.1
Stealth        | |  2.0

Action                   |  1- 3 |  4- 6 |  7- 9 | 10-12 || total
-------------------------+-------+-------+-------+-------++-------
Melee: Short sword       |    34 |    40 |    75 |    15 ||   164
       Unarmed           |     2 |       |       |       ||     2
       Punch             |       |     1 |     1 |     1 ||     3
       War axe           |       |       |       |     6 ||     6
 Cast: Sting             |    29 |    32 |    91 |     9 ||   161
       Poisonous Vapours |     1 |    10 |    15 |     6 ||    32
       Olgreb's Toxic Ra |       |       |    21 |     7 ||    28
       Mephitic Cloud    |       |       |     3 |     1 ||     4
Invok: Channel Magic     |       |       |       |     1 ||     1
Evoke: Wand              |       |       |     8 |     2 ||    10
  Use: Scroll            |     1 |     3 |     8 |     1 ||    13
       Potion            |       |       |       |     1 ||     1
Armor: Robe              |    13 |    24 |    45 |     5 ||    87
       Steam dragon scal |       |       |       |     6 ||     6
Dodge: Dodged            |    50 |    45 |    66 |    31 ||   192

Table legend: (Time is in decaauts)
 A = Elapsed time spent in this place.
 B = Non-inter-level travel time spent in this place.
 C = Inter-level travel time spent in this place.
 D = Time resting spent in this place.
 E = Time spent auto-exploring this place.
 F = Levels seen in this place.
 G = Mean time per level.
                   A        B        C        D        E       F      G
               +--------+--------+--------+--------+--------+-----+--------+
         Total |   3528 |   3260 |    268 |      0 |      0 |   9 |  392.0 |
       Dungeon |   3528 |   3260 |    268 |      0 |      0 |   9 |  392.0 |
               +--------+--------+--------+--------+--------+-----+--------+

Top non-repeatable levels by time:
     D:5: 680 daAuts
     D:7: 641 daAuts
     D:6: 612 daAuts
     D:4: 561 daAuts
     D:8: 380 daAuts
     D:2: 289 daAuts
     D:3: 217 daAuts
     D:1: 116 daAuts
     D:9: 28 daAuts
